EL
ARKANSAS TRAVELERS @ NORTHWEST ARKANSAS NATURALS
05/10/2048
 
TOP OF THE 1ST
Arkansas Travelers batting - Pitching for Northwest Arkansas Naturals : LHP Walter Whiteman
Pitching: LHP Walter Whiteman
Batting: RHB Jose Ramirez 0-0: Called Strike
0-1: Called Strike
0-2: Ball
1-2: Strikes out looking
Batting: RHB Juan Montez 0-0: Ball
1-0: Ground out 4-3 (Groundball, 4M, EV 86.9 MPH)
Batting: LHB Mark Reeg 0-0: Ground out 4-3 (Groundball, 4S, EV 90.0 MPH)
Top of the 1st over - 0 runs, 0 hits, 0 errors, 0 left on base; Arkansas 0 - Northwest Arkansas 0
BOTTOM OF THE 1ST
Northwest Arkansas Naturals batting - Pitching for Arkansas Travelers : RHP Bartholomeu Voivodic
Pitching: RHP Bartholomeu Voivodic
Batting: SHB Ryoji Hiraoka 0-0: Fly out, F8 (Flyball, 89D, EV 88.1 MPH)
Batting: RHB Kazuki Arai 0-0: Ball
1-0: Called Strike
1-1: Ball
2-1: Called Strike
2-2: Foul Ball, location: 2F
2-2: Strikes out looking
Batting: RHB Alex Cid 0-0: Called Strike
0-1: Ball
1-1: Called Strike
1-2: Ball
2-2: Foul Ball, location: 2F
2-2: Foul Ball, location: 2F
2-2: Foul Ball, location: 2F
2-2: Ball
3-2: Base on Balls
Batting: RHB William Lung 0-0: Called Strike
0-1: Called Strike
0-2: Ball
1-2: Ball
2-2: Strikes out looking
Bottom of the 1st over - 0 runs, 0 hits, 0 errors, 1 left on base; Arkansas 0 - Northwest Arkansas 0
TOP OF THE 2ND
Arkansas Travelers batting - Pitching for Northwest Arkansas Naturals : LHP Walter Whiteman
Batting: RHB Jimmy Buzard 0-0: Called Strike
0-1: Ground out 1-3 (Groundball, P, EV 64.4 MPH)
Batting: SHB Mario Padron 0-0: Ball
1-0: Ground out 5-3 (Groundball, 5S, EV 85.6 MPH)
Batting: RHB Ryuji Ito 0-0: Ball
1-0: Fly out, F7 (Flyball, 78S, EV 79.4 MPH)
Top of the 2nd over - 0 runs, 0 hits, 0 errors, 0 left on base; Arkansas 0 - Northwest Arkansas 0
BOTTOM OF THE 2ND
Northwest Arkansas Naturals batting - Pitching for Arkansas Travelers : RHP Bartholomeu Voivodic
Batting: RHB Edwin Ramos 0-0: Foul Ball, location: 2F
0-1: Called Strike
0-2: Ground out 4-3 (Groundball, 34, EV 85.6 MPH)
Batting: LHB Joe Cozart 0-0: Called Strike
0-1: Foul Ball, location: 2F
0-2: Ball
1-2: Foul Ball, location: 2F
1-2: Ball
2-2: Hit by Pitch
Batting: RHB Chad Sullivan 0-0: Ball
1-0: Ball
2-0: Grounds into double play, 6-4-3 (Groundball, 6, EV 83.1 MPH)
Bottom of the 2nd over - 0 runs, 0 hits, 0 errors, 0 left on base; Arkansas 0 - Northwest Arkansas 0
TOP OF THE 3RD
Arkansas Travelers batting - Pitching for Northwest Arkansas Naturals : LHP Walter Whiteman
Batting: RHB Juan Martinez 0-0: Ball
1-0: Ground out 4-3 (Groundball, 4, EV 76.9 MPH)
Batting: RHB Timoleon Tsikouna 0-0: Ball
1-0: Ball
2-0: Swinging Strike
2-1: Foul Ball, location: 2F
2-2: Ball
3-2: Foul Ball, location: 2F
3-2: Ground out 6-3 (Groundball, 6S, EV 91.2 MPH)
Batting: LHB Griffin Ferris 0-0: Called Strike
0-1: Ball
1-1: Swinging Strike
1-2: Ball
2-2: Foul Ball, location: 2F
2-2: Foul Ball, location: 2F
2-2: Strikes out swinging
Top of the 3rd over - 0 runs, 0 hits, 0 errors, 0 left on base; Arkansas 0 - Northwest Arkansas 0
BOTTOM OF THE 3RD
Northwest Arkansas Naturals batting - Pitching for Arkansas Travelers : RHP Bartholomeu Voivodic
Batting: RHB Eric Erickson 0-0: Ground out 6-3 (Groundball, 6, EV 87.5 MPH)
Batting: SHB Danny Ballenger 0-0: Ball
1-0: Ball
2-0: Ball
3-0: Called Strike
3-1: Called Strike
3-2: Foul Ball, location: 2F
3-2: Strikes out swinging
Batting: SHB Ryoji Hiraoka 0-0: Called Strike
0-1: Fly out, F7 (Flyball, 78S, EV 87.5 MPH)
Bottom of the 3rd over - 0 runs, 0 hits, 0 errors, 0 left on base; Arkansas 0 - Northwest Arkansas 0
TOP OF THE 4TH
Arkansas Travelers batting - Pitching for Northwest Arkansas Naturals : LHP Walter Whiteman
Pitching: RHP Justin Potts
Batting: RHB Jose Ramirez 0-0: Called Strike
0-1: Foul Ball, location: 2F
0-2: Ball
1-2: Ball
2-2: Ball
3-2: Base on Balls
Batting: RHB Juan Montez 0-0: Called Strike
Jose Ramirez steals 2nd base (no throw)
0-1: Fly out, F8 (Flyball, 8RM, EV 95.0 MPH)
Batting: LHB Mark Reeg 0-0: Ball
1-0: Ground out 4-3 (Groundball, 4, EV 81.2 MPH)
Jose Ramirez to third
Batting: RHB Jimmy Buzard 0-0: Ball
1-0: Swinging Strike
1-1: Ball
2-1: Ball
3-1: Base on Balls
Batting: SHB Mario Padron 0-0: Called Strike
0-1: Foul Ball, location: 2F
0-2: Strikes out looking
Top of the 4th over - 0 runs, 0 hits, 0 errors, 2 left on base; Arkansas 0 - Northwest Arkansas 0
BOTTOM OF THE 4TH
Northwest Arkansas Naturals batting - Pitching for Arkansas Travelers : RHP Bartholomeu Voivodic
Batting: RHB Kazuki Arai 0-0: Fly out, F9 (Flyball, 9D, EV 99.4 MPH)
Batting: RHB Alex Cid 0-0: Ball
1-0: Called Strike
1-1: Foul Ball, location: 2F
1-2: Foul Ball, location: 2F
1-2: Ball
2-2: Ball
3-2: Base on Balls
Batting: RHB William Lung 0-0: Swinging Strike
0-1: Ball
1-1: Foul Ball, location: 2F
1-2: Strikes out swinging
Batting: RHB Edwin Ramos 0-0: Called Strike
0-1: Called Strike
0-2: Fielders Choice at 2nd, U4 (Groundball, 4M, EV 80.0 MPH)
Bottom of the 4th over - 0 runs, 0 hits, 0 errors, 1 left on base; Arkansas 0 - Northwest Arkansas 0
TOP OF THE 5TH
Arkansas Travelers batting - Pitching for Northwest Arkansas Naturals : RHP Justin Potts
Batting: RHB Ryuji Ito 0-0: Foul Ball, location: 2F
0-1: Hit by Pitch
Batting: RHB Juan Martinez 0-0: Called Strike
0-1: Grounds into double play, 5-4-3 (Groundball, 56, EV 80.6 MPH)
Batting: RHB Timoleon Tsikouna 0-0: Ground out U3 (Groundball, 34, EV 81.9 MPH)
Top of the 5th over - 0 runs, 0 hits, 0 errors, 0 left on base; Arkansas 0 - Northwest Arkansas 0
BOTTOM OF THE 5TH
Northwest Arkansas Naturals batting - Pitching for Arkansas Travelers : RHP Bartholomeu Voivodic
Batting: LHB Joe Cozart 0-0: Ball
1-0: Ground out 4-3 (Groundball, 4, EV 95.6 MPH)
Batting: RHB Chad Sullivan 0-0: SINGLE (Groundball, 6D, EV 94.4 MPH)
Batting: RHB Eric Erickson 0-0: Ball
1-0: Grounds into double play, 6-4-3 (Groundball, 6, EV 106.9 MPH)
Bottom of the 5th over - 0 runs, 1 hit, 0 errors, 0 left on base; Arkansas 0 - Northwest Arkansas 0
TOP OF THE 6TH
Arkansas Travelers batting - Pitching for Northwest Arkansas Naturals : RHP Justin Potts
Batting: LHB Griffin Ferris 0-0: Called Strike
0-1: SINGLE (Line Drive, 8RS, EV 108.8 MPH)
Batting: RHB Jose Ramirez 0-0: Called Strike
0-1: Ball
1-1: Called Strike
1-2: Strikes out swinging
Pitching: RHP Matthew Orphan
Batting: RHB Juan Montez 0-0: Swinging Strike
0-1: Swinging Strike
0-2: Strikes out swinging
Batting: LHB Mark Reeg 0-0: Ball
1-0: Ball
2-0: Ball
3-0: Base on Balls
Griffin Ferris to second
Batting: RHB Jimmy Buzard 0-0: Called Strike
0-1: Ball
1-1: Ball
2-1: Ball
3-1: Base on Balls
Griffin Ferris to third
Mark Reeg to second
Batting: SHB Mario Padron 0-0: Foul Ball, location: 2F
0-1: Hit by Pitch
Griffin Ferris scores
Mark Reeg to third
Jimmy Buzard to second
Batting: RHB Ryuji Ito 0-0: Called Strike
0-1: Ground out 6-3 (Groundball, 4MS, EV 76.2 MPH)
Top of the 6th over - 1 run, 1 hit, 0 errors, 3 left on base; Arkansas 1 - Northwest Arkansas 0
BOTTOM OF THE 6TH
Northwest Arkansas Naturals batting - Pitching for Arkansas Travelers : RHP Bartholomeu Voivodic
Batting: SHB Danny Ballenger 0-0: Swinging Strike
0-1: Foul Ball, location: 2F
0-2: Foul Ball, location: 2F
0-2: Ball
1-2: Strikes out swinging
Batting: SHB Ryoji Hiraoka 0-0: Swinging Strike
0-1: Foul Ball, location: 2F
0-2: Ball
1-2: Ball
2-2: Ball
3-2: DOUBLE (Line Drive, 9LM, EV 100.6 MPH)
Batting: RHB Kazuki Arai 0-0: Swinging Strike
0-1: Ball
1-1: Foul Ball, location: 2F
1-2: Foul Ball, location: 2F
1-2: Strikes out swinging
Batting: RHB Alex Cid 0-0: Called Strike
0-1: Ball
1-1: Called Strike
1-2: Strikes out swinging
Bottom of the 6th over - 0 runs, 1 hit, 0 errors, 1 left on base; Arkansas 1 - Northwest Arkansas 0
TOP OF THE 7TH
Arkansas Travelers batting - Pitching for Northwest Arkansas Naturals : RHP Matthew Orphan
Pitching: RHP Junsuke Abe
Batting: RHB Juan Martinez 0-0: Ball
1-0: Called Strike
1-1: Ball
2-1: Called Strike
2-2: Ball
3-2: SOLO HOME RUN (Flyball, 89XD, EV 115.0 MPH), Distance : 459 ft
Batting: RHB Timoleon Tsikouna 0-0: Swinging Strike
0-1: Called Strike
0-2: Strikes out looking
Batting: LHB Griffin Ferris 0-0: Ball
1-0: Foul Ball, location: 2F
1-1: Foul Ball, location: 2F
1-2: Strikes out looking
Batting: RHB Jose Ramirez 0-0: Called Strike
0-1: Foul Ball, location: 2F
0-2: Ball
1-2: Strikes out swinging
Top of the 7th over - 1 run, 1 hit, 0 errors, 0 left on base; Arkansas 2 - Northwest Arkansas 0
BOTTOM OF THE 7TH
Northwest Arkansas Naturals batting - Pitching for Arkansas Travelers : RHP Bartholomeu Voivodic
Batting: RHB William Lung 0-0: Ball
1-0: Ground out 5-3 (Groundball, 56S, EV 68.1 MPH)
Batting: RHB Edwin Ramos 0-0: Called Strike
0-1: Swinging Strike
0-2: Ball
1-2: SINGLE (Groundball, 4D, EV 94.4 MPH)
Batting: LHB Joe Cozart 0-0: Foul Ball, location: 2F
0-1: Ball
1-1: Called Strike
1-2: SINGLE (Groundball, 34D, EV 97.5 MPH)
Edwin Ramos to second
Runner from 2nd tries for 3rd, SAFE, throw by RF made to third
Pinch Hitting: LHB Bobby Gonzalez 0-0: Foul Ball, location: 2F
0-1: Ball
1-1: Ground out 6-3 (Groundball, 4S, EV 67.5 MPH)
Joe Cozart to second
Batting: RHB Eric Erickson 0-0: Ball
1-0: Ball
2-0: Ball
3-0: Called Strike
3-1: Base on Balls
Pitching: LHP Bryan Payne
Batting: SHB Danny Ballenger 0-0: Called Strike
0-1: Called Strike
0-2: Strikes out swinging
Bottom of the 7th over - 0 runs, 2 hits, 0 errors, 3 left on base; Arkansas 2 - Northwest Arkansas 0
TOP OF THE 8TH
Arkansas Travelers batting - Pitching for Northwest Arkansas Naturals : RHP Junsuke Abe
Pitching: RHP Philip Terrell
Now in RF: Bobby Gonzalez
Batting: RHB Juan Montez 0-0: Called Strike
0-1: Ball
1-1: Ball
2-1: Foul Ball, location: 2F
2-2: Ball
3-2: Strikes out looking
Batting: LHB Mark Reeg 0-0: Called Strike
0-1: Ball
1-1: Ball
2-1: Fly out, F9 (Flyball, 9, EV 88.1 MPH)
Batting: RHB Jimmy Buzard 0-0: Fly out, F7 (Flyball, 7D, EV 100.0 MPH)
Top of the 8th over - 0 runs, 0 hits, 0 errors, 0 left on base; Arkansas 2 - Northwest Arkansas 0
BOTTOM OF THE 8TH
Northwest Arkansas Naturals batting - Pitching for Arkansas Travelers : LHP Bryan Payne
Batting: SHB Ryoji Hiraoka 0-0: Ball
1-0: Foul Ball, location: 2F
1-1: Foul Ball, location: 2F
1-2: Ball
2-2: Ball
3-2: Ground out 6-3 (Groundball, 6, EV 84.4 MPH)
Batting: RHB Kazuki Arai 0-0: Called Strike
0-1: Swinging Strike
0-2: Strikes out swinging
Batting: RHB Alex Cid 0-0: Ball
1-0: Ball
2-0: Foul Ball, location: 2F
2-1: Swinging Strike
2-2: Strikes out swinging
Bottom of the 8th over - 0 runs, 0 hits, 0 errors, 0 left on base; Arkansas 2 - Northwest Arkansas 0
TOP OF THE 9TH
Arkansas Travelers batting - Pitching for Northwest Arkansas Naturals : RHP Philip Terrell
Batting: SHB Mario Padron 0-0: Ball
1-0: Ball
2-0: Ball
3-0: Base on Balls
Batting: RHB Ryuji Ito 0-0: Ball
1-0: Bunt missed!
1-1: Called Strike
Mario Padron steals 2nd base
1-2: Ball
2-2: Foul Ball, location: 2F
2-2: Fly out, F8 (Line Drive, 89D, EV 95.6 MPH)
Runner from 2nd tags up, SAFE at 3rd, no throw by CF
Batting: RHB Juan Martinez 0-0: SINGLE (Line Drive, 78M, EV 101.2 MPH)
Mario Padron scores
Batting: RHB Timoleon Tsikouna 0-0: Ball
1-0: Ball
2-0: Ball
3-0: Called Strike
3-1: Foul Ball, location: 2F
3-2: Foul Ball, location: 2F
3-2: Foul Ball, location: 2F
3-2: Strikes out swinging
Juan Martinez steals 2nd base (no throw)
Batter strikes out.
Pitching: RHP Kevin Tumbleson
Batting: LHB Griffin Ferris 0-0: Ball
Wild Pitch!
Juan Martinez to third
1-0: Called Strike
1-1: Foul Ball, location: 2F
1-2: Ball
2-2: Ball
3-2: Ground out U3 (Groundball, 3L, EV 99.4 MPH)
Top of the 9th over - 1 run, 1 hit, 0 errors, 1 left on base; Arkansas 3 - Northwest Arkansas 0
BOTTOM OF THE 9TH
Northwest Arkansas Naturals batting - Pitching for Arkansas Travelers : LHP Bryan Payne
Pitching: LHP Kyle Worford
Batting: RHB William Lung 0-0: Foul Ball, location: 2F
0-1: Ball
1-1: Foul Ball, location: 2F
1-2: SINGLE (Flyball, 6D, EV 94.4 MPH)
Batting: RHB Edwin Ramos 0-0: Ball
1-0: Ball
2-0: Called Strike
2-1: Ball
3-1: Base on Balls
William Lung to second
Batting: LHB Joe Cozart 0-0: SINGLE (Line Drive, 89S, EV 108.8 MPH)
William Lung to third
Edwin Ramos to second
Pinch Hitting: RHB Kasey Bland 0-0: Ball
1-0: Called Strike
1-1: Ball
2-1: Ball
3-1: Base on Balls
William Lung scores
Edwin Ramos to third
Joe Cozart to second
Batting: RHB Eric Erickson 0-0: Ball
1-0: Swinging Strike
1-1: Ball
2-1: Foul Ball, location: 2F
2-2: Ball
3-2: Strikes out swinging
Pitching: RHP Nick Madrid
Now at 3B: Kinya Nishimura
Now in LF: Juan Martinez
Now in CF: Barrfhionn O'Toole
Batting: SHB Danny Ballenger 0-0: Ball
1-0: Called Strike
1-1: Swinging Strike
1-2: Foul Ball, location: 2F
1-2: Ball
2-2: Foul Ball, location: 2F
2-2: Ball
3-2: Strikes out looking
Batting: SHB Ryoji Hiraoka 0-0: Foul Ball, location: 2F
0-1: Ball
1-1: Ball
2-1: Swinging Strike
2-2: Fly out, F7 (Flyball, 78M, EV 90.0 MPH)
Bottom of the 9th over - 1 run, 2 hits, 0 errors, 3 left on base; Arkansas 3 - Northwest Arkansas 1
Tuesday, March 28th , 2023 - OOTP Baseball 23.10 Build 110